 Dungeon Sprint DCSS version 0.29-a0-187-ga23d9638d5 (webtiles) character file.

Game seed: 16616874239988251657

126 cyrus the Skirmisher (level 5, -3/52 HPs)
             Began as a Hill Orc Fighter on Feb 22, 2022.
             Killed from afar by a white imp (8 damage)
             ... with a puff of frost
             ... in the Dungeon (Sprint IX: "|||||||||||||||||||||||||||||").
             The game lasted 00:00:52 (62 turns).

cyrus the Skirmisher (Hill Orc Fighter)               Turns: 62, Time: 00:00:52

Health: -3/52      AC:  3    Str: 19    XL:     5   Next: 10%
Magic:  5/5        EV:  9    Int: 10    God:
Gold:   0          SH:  5    Dex: 10    Spells: 4/4 levels left

rFire   . . .      SeeInvis .   a - +0 war axe
rCold   . . .      Faith    .   c - +0 buckler
rNeg    . . .      Spirit   .   b - +0 scale mail
rPois   .          Reflect  .   (no helmet)
rElec   .          Harm     .   (no cloak)
rCorr   .          Rampage  .   (no gloves)
Will    .....      NoTele   +   (no boots)
Stlth   ..........              (no amulet)
HPRegen 0.17/turn               (no ring)
MPRegen 0.09/turn               (no ring)

@: mighty, corroded, on berserk cooldown, hasted and slowed
A: no striking features
a: no special abilities


You were in the Dungeon.
You visited 1 branch

Inventory:

Hand Weapons
 a - a +0 war axe (weapon)
Armour
 b - a +0 scale mail (worn)
 c - a +0 buckler (worn)
Scrolls
 j - a scroll of blinking
Potions
 h - 2 potions of magic


   Skills:
 + Level 7.0 Fighting
 + Level 6.1 Axes
 + Level 6.5 Armour
 + Level 0.3 Dodging
 + Level 6.1 Shields


You had 4 spell levels left.
You didn't know any spells.
Your spell library was empty.

Dungeon Overview and Level Annotations

Branches:
Dungeon (1/1)

Altars:


Message History

A magic dart appears from out of thin air!
The magic dart hits you.
* * * LOW HITPOINT WARNING * * *
Something hits you but does no damage.
You feel yourself speed up. Something completely misses you.
You bump into the unnaturally hard rock wall.
You feel less confused. Something hits you but does no damage.
An orc wizard appears from thin air!
Reactivating autopickup.
The jelly jiggles.
You see here a rat corpse.
There is an open door to the Dungeon here.
Items here: )) †††.
You slice the orc wizard!!
You kill the orc wizard!
Your Fighting skill increases to level 7!
Your Axes skill increases to level 6!
Your Shields skill increases to level 6!
You have reached level 5!
You feel stronger.
You close the door, pushing everything out of the way.
Things that are here:
a hobgoblin corpse; a quokka corpse You hear a slurping noise.
The jelly eats the door!
You slash the jelly!
Your hands burn!
* * * LOW HITPOINT WARNING * * *
The jelly is moderately wounded.
The jelly closely misses you. The jelly barely misses you.
You slash the jelly! The acid corrodes you!
Your hands burn!
* * * LOW HITPOINT WARNING * * *
The jelly is severely wounded.
The jelly closely misses you. The white imp puffs mist at you.
You hit the jelly.
You kill the jelly!
The white imp gestures at you. The puff of frost hits you!
You die...

▓▓▓
▓<▓
▓.▓
▓.▓
▓@▓
▓.▓
▓5▓
▓Z▓
▓.▓
▓.▓
▓.▓
▓'▓
▓.▓


You could see a white imp and an adder skeleton.

Vanquished Creatures
  A black bear (D)
  A jelly (D)
  An orc wizard (D)
  A hobgoblin (D)
  A quokka (D)
  2 goblins (D)
  A rat (D)
8 creatures vanquished.

Notes
Turn   | Place    | Note
-------+----------+-------------------------------------------
     0 | D        | cyrus the Hill Orc Fighter began the quest for the Orb.
     0 | D        | Reached XP level 1. HP: 19/19 MP: 1/1
     7 | D        | Reached skill level 4 in Fighting
    19 | D        | Noticed a black bear
    19 | D        | Noticed an orc wizard
    19 | D        | Noticed a jelly
    28 | D        | Killed a black bear
    29 | D        | Reached skill level 6 in Fighting
    29 | D        | Reached skill level 5 in Axes
    29 | D        | Reached skill level 5 in Shields
    29 | D        | Reached XP level 2. HP: 19/31 MP: 2/2
    29 | D        | Reached XP level 3. HP: 23/38 MP: 3/3
    29 | D        | Reached XP level 4. HP: 27/45 MP: 4/4
    58 | D        | Reached skill level 7 in Fighting
    58 | D        | Reached XP level 5. HP: 12/52 MP: 5/5
    62 | D        | Killed from afar by a white imp

Illustrated notes

Levels and vault maps discovered:
D:        linesprint [early_d, line_temple, items_1, d_10, items_2, lair_1,
          lair_end, items_3, orc_1, orc_end, items_4, d_15, swamp_1, shoals_1,
          snake_1, spider_1, d_20, vaults_1, items_5, swamp_end, shoals_end,
          snake_end, spider_end, vaults_end, d_27, items_6, zot_1, zot_end,
          crypt_end, forest_end, elf_end, slime_end, tomb_end, abyss_end,
          pan_hell_end]

Skill      XL: |  1  2  3  4 |
---------------+-------------+-----
Fighting       | 6 7 |  7.0
Armour         | 6 |  6.5
Axes           | 5 6 |  6.1
Shields        | 5 6 |  6.1
Dodging        | |  0.3

Action                   |  1- 3 |  4- 6 || total
-------------------------+-------+-------++-------
Melee: War axe           |    15 |    18 ||    33
  Use: Potion            |     3 |     2 ||     5
Armor: Scale mail        |    12 |    11 ||    23
Dodge: Dodged            |     8 |     4 ||    12
Block: Buckler           |     2 |     2 ||     4

Table legend: (Time is in decaauts)
 A = Elapsed time spent in this place.
 B = Non-inter-level travel time spent in this place.
 C = Inter-level travel time spent in this place.
 D = Time resting spent in this place.
 E = Time spent auto-exploring this place.
 F = Levels seen in this place.
 G = Mean time per level.
                   A        B        C        D        E       F      G
               +--------+--------+--------+--------+--------+-----+--------+
         Total |     77 |     77 |      0 |      0 |      0 |   1 |   77.0 |
       Dungeon |     77 |     77 |      0 |      0 |      0 |   1 |   77.0 |
               +--------+--------+--------+--------+--------+-----+--------+

Top non-repeatable levels by time:
       D: 77 daAuts
